 Dungeon Crawl Stone Soup version 0.31-a0-995-g04711c9635 (webtiles) character file.

Game seed: 18408062307241609806

12670 Dirtsage the Cleaver (level 11, -2/130 HPs)
             Began as a Demonspawn Berserker on Nov 6, 2023.
             Was an Elder of Trog.
             Succumbed to a cane toad's poison
             ... on level 1 of the Lair of Beasts.
             The game lasted 00:26:49 (12180 turns).

Dirtsage the Cleaver (Demonspawn Berserker)        Turns: 12180, Time: 00:26:50

Health: -2/130     AC: 15    Str: 21    XL:     11   Next: 65%
Magic:  11/11      EV: 22    Int:  9    God:    Trog [****..]
Gold:   445        SH: 11    Dex: 13    Spells: 10/10 levels left

rFire   . . .        f - +0 war axe
rCold   . . .        O - +0 tower shield
rNeg    . . .        r - +0 chain mail
rPois   .            (helmet restricted)
rElec   .            P - +0 cloak
rCorr   .            K - +0 pair of gloves
SInv    .            (no boots)
Will    +....        p - amulet of the acrobat
Stlth   x              - ring of willpower
HPRegen 0.41/turn    (no ring)
MPRegen 0.12/turn

%: acrobat
@: berserking (expiring), lethally poisoned (-2 -> -31), acrobatic, very quick
A: horns 2, yellow scales 1, powered by death 1, spiny 1
a: Renounce Religion, Berserk, Trog's Hand, Brothers in Arms


You were on level 1 of the Lair of Beasts.
You worshipped Trog.
Trog was greatly pleased with you.
You visited 3 branches of the dungeon, and saw 13 of its levels.
You also visited: Ossuary.

You collected 727 gold pieces.
You spent 282 gold pieces at shops.

Inventory:

Hand Weapons
 a - a +0 hand axe
 f - a +0 war axe (weapon)
 z - a +0 battleaxe
 A - a +5 spear
 D - a +1 heavy war axe
 H - a +2 battleaxe
Missiles
 o - 3 curare-tipped darts
Armour
 r - a +0 chain mail (worn)
 K - a +0 pair of gloves (worn)
 N - an orb of light
 O - a +0 tower shield (worn)
 P - a +0 cloak (worn)
Jewellery
 p - an amulet of the acrobat (around neck)
 x - a ring of willpower (left hand)
Wands
 b - a wand of roots (12)
 d - a wand of flame (25)
 w - a wand of charming (33)
 G - a wand of mindburst (11)
 M - a wand of acid (4)
Scrolls
 e - 3 scrolls of poison
 g - a scroll of fear
 h - a scroll of noise
 i - a scroll of identify
 j - 2 scrolls of vulnerability
 k - a scroll of torment
 m - 4 scrolls of revelation
 t - 4 scrolls of teleportation
 y - a scroll of enchant armour
 B - a scroll of blinking
 E - a scroll of enchant weapon
 F - 2 scrolls of fog
 I - a scroll of immolation {unknown}
 J - a scroll of amnesia {unknown}
Potions
 c - a potion of might {unknown}
 l - 2 potions of heal wounds
 n - 2 potions of berserk rage {unknown}
 q - 6 potions of curing
 s - 4 potions of brilliance
 u - 2 potions of attraction {unknown}
 v - 2 potions of magic {unknown}
 C - 3 potions of enlightenment {unknown}
 L - a potion of mutation {unknown}


   Skills:
 + Level 8.4 Fighting
 + Level 11.9 Axes
 - Level 7.2 Armour
 - Level 7.2 Dodging
 * Level 1.1 Shields
 - Level 4.0 Evocations


You had 10 spell levels left.
You didn't know any spells.
Your spell library contained the following spells:

 Spells                   Type           Power      Damage    Failure   Level
 Ensorcelled Hibernation  Hex/Ice        0%         N/A       100%        2
 Jinxbite                 Hex            0%         N/A       100%        2
 Hailstorm                Conj/Ice       0%         3d3       100%        3
 Anguish                  Hex/Necr       0%         N/A       100%        4
 Animate Dead             Necr           0%         N/A       100%        4
 Manifold Assault         Tloc           0%         N/A       100%        4
 Summon Ice Beast         Ice/Summ       0%         N/A       100%        4
 Borgnjor's Vile Clutch   Necr/Erth      0%         N/A       100%        5
 Summon Mana Viper        Hex/Summ       0%         N/A       100%        5
 Death Channel            Necr           0%         N/A       100%        6
 Dispersal                Tloc           0%         N/A       100%        6
 Simulacrum               Ice/Necr       0%         N/A       100%        6
 Monstrous Menagerie      Summ           0%         N/A       100%        7
 Disjunction              Tloc           0%         N/A       100%        8


Dungeon Overview and Level Annotations

Branches:
Dungeon (11/15)            Temple (1/1) D:6            Lair (1/5) D:9
    Orc (0/2) D:10        Ossuary (visited)

Altars:
Ashenzari
Cheibriados
Dithmenos
Fedhas
Gozag
Hepliaklqana
Kikubaaqudgha
Makhleb
Nemelex Xobeh
Okawaru
Qazlal
Ru
Sif Muna
Trog
Uskayaw
Vehumet
Wu Jian
Xom
Yredelemnul

Shops:
D:4 :(:   D:6 [   D:7 *   D:10 [

Annotations:
Temple 2 transporters


Innate Abilities, Weirdness & Mutations

You have a pair of horns on your head.
You are partially covered in yellow scales. (AC +2)
You regenerate a little health from kills.
You are partially covered in sharp spines.


Message History

The cane toad poisons you! The cane toad is struck by your spines.
The cane toad barely misses you.
You take 23 damage, and have 58/87 hp.
MASSIVE DAMAGE!!
You closely miss the cane toad.
The cane toad is heavily wounded.
You feel extremely sick. The cane toad stings you!
You are lethally poisoned!
The cane toad poisons you! The cane toad stings you!
* * * LOW HITPOINT WARNING * * *
You are more poisoned.
The cane toad poisons you!
You take 33 damage, and have 25/87 hp.
MASSIVE DAMAGE!!
A red film seems to cover your vision as you go berserk!
You feel yourself moving faster!
You feel mighty!
* * * LOW HITPOINT WARNING * * *
You feel extremely sick. You block the cane toad's attack.
You now have 25/130 hp.
You slash the cane toad! Your headbutt misses the cane toad.
The cane toad is almost dead.
* * * LOW HITPOINT WARNING * * *
You feel extremely sick. The cane toad is struck by your spines.
The cane toad stings you.
* * * LOW HITPOINT WARNING * * *
You take 10 damage, and have 15/130 hp.
You hit the cane toad.
You kill the cane toad!
Trog accepts your kill.
* * * LOW HITPOINT WARNING * * *
You feel extremely sick.
Your Shields skill increases to level 1!
You take 7 damage, and have 8/130 hp.
You are too berserk!
* * * LOW HITPOINT WARNING * * *
You feel very sick.
You see here a wand of mindburst (1).
You take 5 damage, and have 3/130 hp.
You feel a strong urge to attack something.
You die...

...# ...# #..# #..#
#..# ##..# #.†.# .
## #..# .#
#.##P##@.# ...#
#........# ...#
#..>.....#
...#######........##
....... ..........#
#).#.######..####.##
....#...........#.##
..>.............#..#
....#...........'.##


There were no monsters in sight!

Vanquished Creatures
  A centaur warrior (D:10)
  A black mamba (Lair:1)
  3 cane toads (Lair:1)
  A komodo dragon (D:10)
  A troll (D:9)
  3 hornets
  4 blink frogs (Lair:1)
  14 yaks
  2 vampires
  3 wraiths
  2 basilisks
  5 humans (D:6)
  A steam dragon (D:7)
  2 water moccasins
  Duvessa (D:7)
  An ice beast (D:6)
  5 orc warriors
  A sky beast (D:7)
  A hornet zombie (D:8)
  A black bear (D:8)
  An ogre (D:5)
  6 centaurs
  3 phantoms
  9 bullfrogs
  4 necrophages (D:8)
  A gnoll sergeant (D:8)
  2 scorpions
  13 wights
  Dowan (D:7)
  11 killer bees
  6 howler monkeys
  2 centaur zombies
  2 jellies
  3 hounds
  2 orc priests
  A sleepcap (D:4)
  Natasha (D:2)
  4 iguanas
  6 orc wizards
  16 gnolls
  7 adders
  3 white imps
  A worm zombie (D:6)
  2 worms (D:2)
  A dart slug (D:5)
  21 orcs
  7 ball pythons
  3 bats
  7 endoplasms
  3 giant cockroaches
  8 goblins
  7 hobgoblins
  14 jackals
  5 quokkas
  2 ball python skeletons (Ossuary)
  3 frilled lizards
  A hobgoblin zombie (Ossuary)
  10 kobolds
  A kobold zombie (Ossuary)
  2 orc skeletons (Ossuary)
  An orc zombie (D:6)
  7 rats
263 creatures vanquished.

Notes
Turn   | Place    | Note
-------+----------+-------------------------------------------
     0 | D:1      | Dirtsage the Demonspawn Berserker began the quest for the
                  | Orb.
     0 | D:1      | Reached XP level 1. HP: 18/18 MP: 1/1
     6 | D:1      | Noticed a komodo dragon
     6 | D:1      | Noticed a black bear
     6 | D:1      | Noticed a wyvern
     7 | D:1      | Noticed a swamp worm
     7 | D:1      | Noticed a redback
    88 | D:1      | Reached skill level 3 in Axes
   295 | D:1      | Gained mutation: You are partially covered in yellow
                  | scales. (AC +2) [demonic ancestry]
   295 | D:1      | Reached XP level 2. HP: 23/24 MP: 2/2
   301 | D:1      | You fall into a shaft and drop 1 floor!
   371 | D:2      | Reached XP level 3. HP: 29/29 MP: 3/3
   451 | D:2      | Reached skill level 4 in Axes
   670 | D:2      | Found a faded altar of an unknown god.
   734 | D:2      | Reached ** piety under Trog
   989 | D:1      | Reached XP level 4. HP: 24/35 MP: 4/4
  1414 | D:2      | Noticed Natasha
  1431 | D:2      | Killed Natasha
  1871 | D:3      | Reached skill level 5 in Axes
  2006 | D:3      | Found a broken altar of Ashenzari.
  2006 | D:3      | Found a sacrificial altar of Ru.
  2007 | D:3      | Found a burning altar of Makhleb.
  2007 | D:3      | Found a hide-covered altar of Uskayaw.
  2011 | D:3      | Found a basalt altar of Yredelemnul.
  2011 | D:3      | Found a shimmering altar of Xom.
  2011 | D:3      | Found an ornate altar of the Wu Jian Council.
  2302 | D:3      | Gained mutation: You regenerate a little health from kills.
                  | [demonic ancestry]
  2302 | D:3      | Reached XP level 5. HP: 41/41 MP: 5/5
  2371 | D:3      | Found a shimmering blue altar of Sif Muna.
  2805 | D:4      | Found Estoomuf's Book Emporium.
  2811 | D:4      | Found Eheimuus's Weapon Boutique.
  3001 | D:4      | Found Vuuppo's Book Shop.
  3208 | D:4      | Noticed a phantom
  3211 | D:4      | Reached *** piety under Trog
  3233 | D:4      | Killed a phantom
  3234 | D:4      | Reached skill level 6 in Axes
  3234 | D:4      | Reached XP level 6. HP: 34/47 MP: 6/6
  3745 | D:5      | Entered Level 5 of the Dungeon
  3873 | D:5      | Reached skill level 1 in Evocations
  3923 | D:5      | Gained mutation: You are partially covered in sharp spines.
                  | [demonic ancestry]
  3923 | D:5      | Reached XP level 7. HP: 41/52 MP: 7/7
  4368 | D:5      | Reached skill level 7 in Axes
  4548 | D:6      | Noticed a human
  4548 | D:6      | Noticed a human
  4550 | D:6      | Noticed a human
  4590 | D:6      | Found a sand-covered staircase.
  4697 | Ossuary  | Entered an ossuary
  4752 | Ossuary  | Reached **** piety under Trog
  4753 | Ossuary  | Reached XP level 8. HP: 60/60 MP: 8/8
  4880 | Ossuary  | Noticed a flying skull
  4893 | Ossuary  | Noticed a flying skull
  4893 | Ossuary  | Noticed a flying skull
  4917 | Ossuary  | Noticed a flying skull
  4977 | Ossuary  | Noticed a flying skull
  5240 | D:6      | Reached skill level 8 in Axes
  5533 | D:6      | Reached skill level 5 in Fighting
  5536 | D:6      | Reached XP level 9. HP: 33/68 MP: 9/9
  5952 | D:6      | Found a staircase to the Ecumenical Temple.
  5968 | Temple   | Found a transporter.
  5968 | Temple   | Found a transporter.
  5968 | Temple   | Found a transporter.
  5968 | Temple   | Found a transporter.
  5968 | Temple   | Entered the Ecumenical Temple
  5977 | D:6      | Found Qupent's Antique Armour Emporium.
  6306 | D:7      | Reached skill level 9 in Axes
  6631 | D:7      | Reached skill level 5 in Armour
  6733 | D:7      | Noticed Duvessa
  6734 | D:7      | Noticed Dowan
  6745 | D:7      | Killed Duvessa
  6746 | D:7      | Reached skill level 5 in Dodging
  6748 | D:7      | Killed Dowan
  6828 | D:7      | Found Fibbumm's Assorted Antiques.
  7194 | D:8      | Gained mutation: You have a pair of small horns on your
                  | head. [demonic ancestry]
  7194 | D:8      | Reached XP level 10. HP: 28/76 MP: 10/10
  7396 | D:8      | Reached skill level 10 in Axes
  8066 | D:8      | Found a blossoming altar of Fedhas.
  8664 | D:9      | Found a shadowy altar of Dithmenos.
  8718 | D:9      | Found a staircase to the Lair.
  8784 | D:9      | Paralysed by a hornet for 3 turns
  8790 | D:9      | Paralysed by a hornet for 3 turns
  9073 | D:9      | Found an ornate altar of the Wu Jian Council.
  9279 | D:10     | Entered Level 10 of the Dungeon
  9294 | D:10     | Found a shadowy altar of Dithmenos.
  9294 | D:10     | Noticed a centaur warrior
  9310 | D:10     | HP: 2/79 [centaur warrior/arrow (6)]
  9922 | D:10     | Killed a centaur warrior
  9923 | D:10     | Gained mutation: You have a pair of horns on your head.
                  | [demonic ancestry]
  9923 | D:10     | Reached XP level 11. HP: 84/84 MP: 11/11
  9926 | D:10     | Reached skill level 11 in Axes
 10290 | D:10     | Found a staircase to the Orcish Mines.
 10510 | D:10     | Found Taifu's Armour Shop.
 10524 | D:10     | Bought a +0 pair of gloves for 58 gold pieces
 10919 | D:10     | HP: 6/127 [komodo dragon (14)]
 11570 | D:11     | Noticed a boulder beetle
 11615 | IceCv    | Identified the of Vitrascha
 11615 | IceCv    | Identified the "Weadwue"
 11615 | Lair:1   | Entered Level 1 of the Lair of Beasts
 11989 | D:6      | Bought a tower shield for 112 gold pieces
 11999 | D:6      | Bought a cloak for 112 gold pieces
 12179 | Lair:1   | Reached skill level 1 in Shields
 12179 | Lair:1   | HP: 3/130 [poisoned by a cane toad]
 12180 | Lair:1   | Succumbed to a cane toad's poison

Illustrated notes

Levels and vault maps discovered:
D:1:      onia_arrival_zoo_common, layout_loops_ring, minmay_octomino_e4
D:2:      layout_basic, basic_altar, basic_ecumenical_altar, uniq_natasha
D:3:      layout_loops_ring, nicolae_overflows_in_rows,
          mainiacjoe_overflow_small_starburst
D:4:      layout_basic, serial_shops, shop, nicolae_shop_crystal, shop,
          chequers_decorated_corner
D:5:      layout_gridville, kb_lookout_dungeons_type
D:6:      layout_basic, minmay_temple_entry_ruins, enter_ossuary_3,
          serial_shops, shop, kennysheep_minor_cross, minmay_ruffians
D:7:      layout_basic, serial_shops, shop_fountains, uniq_duvessa
D:8:      layout_cave_pods, fedhas_altar_decomposition
D:9:      layout_rooms, lair_entry_dummy, hangedman_feature_mirror,
          hangedman_abyss_or_decor_stagger
D:10:     layout_cave_pods, orc_david_3, roderic_serpentine_path,
          minmay_ruined_shrine
D:11:     layout_irregular_city, gammafunk_ghost_necromancy,
          serial_co_window_serial, co_window_paths_b, co_window_corner_a,
          co_window_paths_b, co_window_paths_a, co_window_corner_a,
          co_window_unsneaky_path_a, co_window_unsneaky_path_d,
          co_window_broadway_c, co_window_corner_b, co_window_of_opportunity_c,
          co_window_4corner_b, glass_columns_a, glass_columns_a,
          glass_columns_a, glass_columns_a, glass_columns_a
Temple:   hellmonk_temple_divided_pantheon
Lair:1:   layout_chaotic_city, gammafunk_ghost_wrathful_warriors,
          grunt_megastairs_4

Skill      XL: |  1  2  3  4  5  6  7  8  9 10 11 |
---------------+----------------------------------+-----
Axes           | 3 4 5 6 7 8 9 10 11 | 11.9
Armour         | 2 3 4 5 6 7 |  7.2
Dodging        | 2 3 4 5 6 7 |  7.2
Evocations     | 1 2 3 4 |  4.0
Fighting       | 4 5 6 7 8 |  8.4
Shields        | 1 |  1.1

Action                     |  1- 3 |  4- 6 |  7- 9 | 10-12 || total
---------------------------+-------+-------+-------+-------++-------
  Melee: Hand axe          |   124 |   237 |   131 |       ||   492
         Punch             |       |     3 |     5 |     3 ||    11
         War axe           |       |       |   150 |   252 ||   402
         Headbutt          |       |       |       |    59 ||    59
         Battleaxe         |       |       |       |    26 ||    26
 Invoke: Berserk           |     2 |     6 |     9 |    10 ||    27
         Trog's Hand       |       |       |       |     1 ||     1
  Evoke: Wand              |       |       |       |     1 ||     1
    Use: Scroll            |       |       |    13 |     1 ||    14
         Potion            |       |       |       |     1 ||     1
   Stab: Sleeping          |       |     2 |       |       ||     2
 Armour: Animal skin       |    73 |    40 |       |       ||   113
         Scale mail        |       |   108 |     5 |       ||   113
         Leather armour    |       |     1 |       |       ||     1
         Chain mail        |       |       |   208 |   293 ||   501
  Dodge: Dodged            |    79 |   135 |   125 |   158 ||   497
  Block: Tower shield      |       |       |       |     3 ||     3

Table legend: (Time is in decaauts)
 A = Elapsed time spent in this place.
 B = Non-inter-level travel time spent in this place.
 C = Inter-level travel time spent in this place.
 D = Time resting spent in this place.
 E = Time spent auto-exploring this place.
 F = Levels seen in this place.
 G = Mean time per level.
                   A        B        C        D        E       F      G
               +--------+--------+--------+--------+--------+-----+--------+
         Total |  12466 |  11784 |    682 |   2359 |   7446 |  14 |  890.4 |
       Dungeon |  11480 |  10823 |    657 |   2232 |   6860 |  11 | 1043.6 |
        Temple |      1 |      1 |      0 |      0 |      0 |   1 |    1.0 |
          Lair |    431 |    406 |     25 |     10 |    278 |   1 |  431.0 |
       Ossuary |    552 |    552 |      0 |    117 |    308 |   1 |  552.0 |
               +--------+--------+--------+--------+--------+-----+--------+

Top non-repeatable levels by time:
    D:10: 1754 daAuts
     D:9: 1507 daAuts
     D:8: 1357 daAuts
     D:4: 1113 daAuts
     D:2: 1037 daAuts
     D:7: 1029 daAuts
     D:6: 1022 daAuts
     D:5: 944 daAuts
     D:1: 865 daAuts
     D:3: 848 daAuts
 Ossuary: 552 daAuts
  Lair:1: 431 daAuts
  Temple: 1 daAuts
    D:11: 1 daAuts
